Map: [ESL] Cosmic Sapphire

Players

Reynor

  • Race: Zerg Zerg
  • League: Master
  • Spawn Location: 11:00

Serral - Winner!

  • Race: Zerg Zerg
  • League: Master
  • Spawn Location: 5:00

VOD

Have the link to the VOD?

Description

Time

  • Played on: Oct. 19, 2022, 3:29 p.m.
  • Length: 9:46
Show
View Real Time Build Order
Export as new Build Order

Reynor Zerg 

Build Orders: Hatch First, Zergling Baneling 

Get SALT Encoding   

  12  0:00  Drone  
  13  0:12  Overlord  
  13  0:16  Drone  
  14  0:30  Drone x2  
  16  0:48  Hatchery  
  15  0:51  Drone  
  15  0:54  Drone  
  17  0:57  Drone  
  18  1:09  Extractor  
  17  1:13  Spawning Pool  
  17  1:16  Drone  
  17  1:19  Drone  
  18  1:27  Drone  
  19  1:38  Drone  
  20  1:52  Drone  
  21  1:59  Queen, Overlord  
  21  2:00  Zergling x2, Queen  
  26  2:10  Drone  
  26  2:11  Metabolic Boost, Drone  
  28  2:22  Zergling x2  
  29  2:23  Drone  
  30  2:32  Hatchery  
  30  2:35  Drone  
  30  2:39  Zergling x2  
  30  2:42  Baneling Nest  
  30  2:45  Drone  
  31  2:52  Overlord  
  31  2:56  Zergling x4  
  33  3:04  Zergling x2  
  33  3:05  Zergling x2  
  34  3:11  Zergling x10  
  39  3:13  Zergling x2  
  40  3:20  Overlord  
  40  3:22  Zergling x2  
  41  3:29  Baneling  
  41  3:32  Zergling x4  
  43  3:37  Baneling x2  
  43  3:38  Zergling x2  
  43  3:40  Overlord  
  44  3:43  Zergling x6  
  47  3:50  Overlord  
  47  3:55  Zergling x2  
  47  3:56  Zergling x4  
  48  4:09  Zergling x10  
  43  4:17  Zergling x6  
  43  4:23  Zergling x2  
  43  4:26  Baneling x4  
  43  4:27  Zergling x2  
  43  4:30  Zergling x2  
  45  4:33  Baneling  
  45  4:34  Zergling x2, Baneling  
  45  4:38  Zergling x4  
  48  4:44  Zergling x2  
  45  4:57  Zergling x16  
  45  5:09  Zergling x6  
  45  5:16  Zergling x2  
  46  5:21  Zergling x2  
  46  5:22  Zergling x10  
  49  5:29  Baneling x4  
  49  5:30  Zergling x6  
  49  5:32  Drone  
  51  5:38  Drone x2  
  51  5:46  Queen  
  47  5:53  Drone x4  
  47  5:56  Zergling x2  
  49  6:06  Baneling x2  
  49  6:07  Baneling  
  49  6:08  Zergling x8  
  47  6:13  Baneling  
  47  6:18  Drone x3, Extractor  
  47  6:19  Drone  
  47  6:20  Drone  
  48  6:26  Drone  
  48  6:31  Roach Warren  
  48  6:32  Zergling x4  
  48  6:37  Baneling x2  
  48  6:38  Zergling x2  
  49  6:41  Zergling x4  
  51  6:47  Drone  
  51  6:52  Drone x3  
  51  6:53  Drone x2  
  56  7:04  Overlord  
  56  7:13  Roach x4  
  56  7:14  Overlord  
  64  7:16  Overlord  
  64  7:21  Overlord  
  59  7:30  Roach x7  
  59  7:34  Zergling x4, Roach  
  74  7:42  Drone x2, Extractor  
  74  7:45  Drone  
  74  7:48  Drone x2  
  74  7:50  Drone  
  77  7:52  Drone  
  77  7:53  Lair, Drone  
  77  7:56  Drone  
  77  7:57  Drone  
  80  7:58  Drone  
  80  8:03  Drone x3  
  80  8:04  Baneling  
  84  8:08  Baneling  
  84  8:09  Drone x2  
  84  8:11  Drone  
  84  8:12  Evolution Chamber  
  86  8:18  Overlord  
  86  8:23  Roach x3  
  92  8:29  Roach x3  
  92  8:34  Roach  
  97  8:36  Overlord  
  92  8:50  Drone x9  
  92  8:52  Spire  
  92  8:54  Roach  
  100  8:55  Drone x2  
  100  8:56  Drone x2  
  100  9:00  Roach, Extractor x3  
  103  9:13  Zergling x12  
  103  9:14  Spine Crawler  
  108  9:19  Overlord  
  108  9:21  Roach x3  
  108  9:22  Overlord  
  114  9:24  Overlord  
Show
View Real Time Build Order
Export as new Build Order

Serral Zerg - Winner!

Build Orders: Hatch First, Zergling Baneling 

Get SALT Encoding   

  12  0:00  Drone  
  13  0:12  Overlord  
  13  0:16  Drone  
  14  0:30  Drone x2  
  16  0:48  Hatchery  
  15  0:50  Drone  
  15  0:54  Drone  
  17  0:57  Drone  
  18  1:08  Extractor  
  17  1:12  Spawning Pool  
  17  1:15  Drone  
  17  1:19  Drone  
  18  1:28  Drone  
  19  1:38  Drone  
  20  1:49  Drone  
  21  1:59  Queen x2  
  21  2:00  Zergling x2, Overlord  
  26  2:10  Drone x2  
  26  2:12  Metabolic Boost  
  28  2:21  Zergling x2  
  30  2:22  Drone  
  30  2:32  Hatchery  
  30  2:34  Drone  
  30  2:37  Drone  
  30  2:42  Drone  
  32  2:47  Baneling Nest  
  31  2:55  Overlord  
  31  2:56  Drone  
  31  2:57  Drone  
  33  3:04  Drone x2  
  35  3:10  Zergling x2  
  36  3:13  Zergling x4  
  36  3:15  Zergling x2  
  36  3:16  Drone x2  
  41  3:20  Overlord  
  41  3:26  Drone  
  42  3:28  Evolution Chamber  
  42  3:31  Baneling x2  
  42  3:32  Drone  
  42  3:37  Drone  
  44  3:41  Drone  
  44  3:46  Zergling x4  
  44  3:47  Baneling x2  
  46  3:51  Zergling x6  
  49  4:01  Zergling x10  
  52  4:09  Baneling  
  46  4:17  Zergling x10  
  46  4:20  Queen  
  46  4:21  Queen  
  48  4:25  Baneling x2  
  48  4:28  Extractor  
  48  4:29  Roach Warren  
  48  4:30  Baneling x2  
  46  4:32  Zergling x4  
  46  4:36  Baneling  
  48  4:40  Zergling x4  
  48  4:45  Baneling x2  
  50  4:50  Baneling  
  48  4:54  Drone  
  48  4:58  Drone x2  
  48  4:59  Drone x2  
  50  5:06  Zergling x2  
  50  5:07  Zergling x8  
  48  5:17  Zergling x8  
  52  5:26  Baneling x2  
  50  5:31  Queen x3  
  55  5:40  Drone x4  
  57  5:44  Baneling x3  
  57  5:48  Drone  
  57  5:49  Drone  
  58  5:50  Drone  
  58  5:54  Zergling x2  
  58  5:55  Overlord  
  58  5:57  Overlord  
  58  6:03  Roach x2  
  56  6:12  Queen  
  56  6:13  Queen  
  56  6:14  Roach  
  62  6:20  Roach  
  62  6:21  Roach  
  62  6:23  Drone  
  67  6:31  Drone x2  
  67  6:32  Drone x2  
  69  6:36  Drone  
  69  6:39  Zerg Missile Weapons Level 1  
  70  6:46  Drone x3  
  72  6:56  Overlord  
  72  6:59  Roach  
  72  7:00  Overlord x2  
  74  7:04  Lair  
  74  7:09  Overlord x2  
  74  7:12  Evolution Chamber  
  73  7:18  Roach x3  
  73  7:21  Overlord  
  80  7:23  Drone  
  80  7:24  Drone  
  80  7:32  Drone x2  
  80  7:33  Drone  
  80  7:35  Drone x2  
  85  7:37  Drone x5  
  85  7:38  Drone  
  85  7:41  Roach x2  
  96  7:44  Roach  
  96  7:47  Roach  
  97  7:52  Roach x2  
  97  7:55  Extractor  
  97  7:56  Roach, Extractor  
  97  7:58  Roach  
  101  8:03  Roach  
  103  8:06  Roach  
  103  8:08  Roach  
  103  8:11  Extractor  
  106  8:15  Glial Reconstitution  
  106  8:17  Overlord, Evolution Chamber  
  106  8:19  Roach  
  107  8:20  Overlord  
  107  8:21  Overlord x2  
  114  8:27  Roach x3  
  114  8:32  Evolution Chamber  
  113  8:38  Roach x5  
  124  8:44  Roach  
  124  8:45  Roach x2  
  128  8:52  Roach x3  
  133  8:56  Roach  
  133  8:57  Ravager  
  133  8:59  Roach  
  138  9:03  Ravager  
  138  9:04  Roach  
  138  9:08  Roach  
  143  9:11  Roach x3  
  143  9:13  Overlord x2  
  143  9:16  Roach x2  
  153  9:19  Overlord  
  153  9:20  Overlord  
Tags
 
Add a new tag
Caveats
  • Supply blocks, unpowered buildings, or Contaminate may cause inaccurate times.
  • Supply counts are checked every 10 seconds.